[ PARTIDA AOE2 · #494026043 ]
UnrankedCoreanos vs Incas
Equipo del jugador · DERR
Equipo rival · VICT
[ ANÁLISIS DE REPETICIÓN · EXTRAÍDO DE LA PARTIDA GRABADA ]
Feudal
10:20
Castillos
22:27
Imperial
43:32
| APM promedio | 25.0 |
| APM pico | 54 |
| eAPM promedio | 13.1 |
| Aldeanos / militares | 65 / 143 |
Foco
⚔️ 33.7% · 🌾 66.3%
Archer ×42 · Skirmisher ×35 · Militia ×31 · Spearman ×23 · Battering Ram ×8 · Trebuchet (Packed) ×3
Feudal
12:04
Castillos
16:01
Imperial
43:30
| APM promedio | 20.1 |
| APM pico | 58 |
| eAPM promedio | 13.4 |
| Aldeanos / militares | 122 / 134 |
Foco
⚔️ 32.0% · 🌾 68.0%
Unknown (2550) ×120 · Skirmisher ×89 · Kamayuk ×28 · Scorpion ×6 · Mangonel ×5 · Monk ×3
Mapa de la partida
Recursos iniciales + cada clic de construcción. Líneas = muros · curvas = relieve. ◆ oro · ⬟ piedra · ● bayas · ✦ reliquia · ◌ hueco del cierre
Tu base· Abierta — flanco sin cerrar
Base de scalpel0011· Abierta — flanco sin cerrar
Terreno inicial suavizado · ◌ = hueco del cierre detectado · pasá el cursor para detalles
Inputs por minuto
— Disagri - - scalpel0011
Build order — Disagri
Primeras 150 de 247 acciones detectadas
| 0:01 | Crear | Villager (Male) |
| 0:01 | Crear | Villager (Male) |
| 0:02 | Construir | House |
| 0:04 | Construir | House |
| 0:40 | Crear | Villager (Male) |
| 0:41 | Crear | Villager (Male) |
| 1:24 | Crear | Villager (Male) |
| 1:48 | Investigar | Loom |
| 2:02 | Crear | Villager (Male) |
| 2:17 | Crear | Villager (Male) |
| 3:21 | Crear | Villager (Male) |
| 3:27 | Construir | House |
| 3:48 | Crear | Villager (Male) |
| 3:48 | Crear | Villager (Male) |
| 4:34 | Construir | Mill |
| 4:46 | Construir | Lumber Camp |
| 4:48 | Crear | Villager (Male) |
| 4:53 | Crear | Villager (Male) |
| 5:24 | Crear | Villager (Male) |
| 5:40 | Crear | Villager (Male) |
| 5:52 | Construir | House |
| 6:18 | Crear | Villager (Male) |
| 6:48 | Crear | Villager (Male) |
| 7:08 | Crear | Villager (Male) |
| 7:45 | Crear | Villager (Male) |
| 7:59 | Investigar | Feudal Age |
| 8:09 | Construir | Lumber Camp |
| 8:41 | Construir | Barracks |
| 9:20 | Construir | House |
| 9:37 | Construir | Mining Camp |
| 9:52 | Construir | Mining Camp |
| 10:11 | Crear | Villager (Male) |
| 10:11 | Crear | Villager (Male) |
| 10:12 | Crear | Villager (Male) |
| 10:20 | Edad | Edad Feudal |
| 10:22 | Construir | Archery Range |
| 10:32 | Crear | Spearman |
| 10:57 | Crear | Spearman |
| 11:15 | Crear | Archer |
| 11:22 | Crear | Villager (Male) |
| 11:23 | Crear | Villager (Male) |
| 11:36 | Construir | Blacksmith |
| 11:46 | Crear | Archer |
| 11:48 | Crear | Spearman |
| 11:58 | Construir | House |
| 12:03 | Construir | House |
| 12:14 | Investigar | Scale Mail Armor |
| 12:19 | Investigar | Forging |
| 12:19 | Investigar | Forging |
| 12:51 | Crear | Archer |
| 13:30 | Crear | Villager (Male) |
| 13:31 | Crear | Villager (Male) |
| 13:34 | Construir | Farm |
| 13:35 | Construir | Farm |
| 13:38 | Construir | Farm |
| 13:38 | Construir | Farm |
| 14:17 | Construir | Farm |
| 14:17 | Construir | Farm |
| 14:19 | Crear | Villager (Male) |
| 14:20 | Crear | Villager (Male) |
| 14:24 | Construir | Farm |
| 14:24 | Construir | Farm |
| 14:34 | Construir | Watch Tower |
| 14:50 | Investigar | Double-Bit Axe |
| 14:53 | Construir | Farm |
| 14:54 | Construir | Farm |
| 14:57 | Construir | Farm |
| 15:04 | Construir | House |
| 15:11 | Construir | House |
| 15:43 | Crear | Archer |
| 15:43 | Crear | Archer |
| 15:45 | Crear | Archer |
| 15:50 | Construir | Farm |
| 15:51 | Construir | Farm |
| 15:51 | Construir | Farm |
| 15:58 | Investigar | Fletching |
| 16:07 | Construir | Watch Tower |
| 16:23 | Crear | Villager (Male) ×3 |
| 16:25 | Construir | Farm |
| 16:26 | Construir | Farm |
| 17:00 | Crear | Villager (Male) |
| 17:00 | Crear | Villager (Male) |
| 17:02 | Construir | Farm |
| 17:03 | Construir | Farm |
| 18:30 | Construir | Watch Tower |
| 18:36 | Construir | Farm |
| 18:37 | Construir | Farm |
| 18:40 | Crear | Villager (Male) |
| 18:41 | Crear | Villager (Male) |
| 19:47 | Investigar | Castle Age |
| 20:35 | Construir | Barracks |
| 20:37 | Investigar | Scale Mail Armor |
| 20:43 | Construir | Barracks |
| 20:52 | Construir | House |
| 20:56 | Construir | Palisade Wall |
| 20:59 | Construir | House |
| 21:01 | Construir | Palisade Wall |
| 21:10 | Construir | House |
| 21:12 | Construir | House |
| 21:28 | Crear | Archer ×3 |
| 22:27 | Edad | Edad de los Castillos |
| 22:35 | Investigar | Man-at-Arms (upgrade) |
| 22:40 | Crear | Militia |
| 22:40 | Crear | Militia |
| 22:44 | Crear | Militia |
| 22:44 | Crear | Militia |
| 23:04 | Construir | House |
| 23:06 | Construir | Palisade Wall |
| 23:11 | Construir | House |
| 23:16 | Construir | House |
| 23:29 | Construir | House |
| 23:36 | Crear | Militia |
| 23:36 | Crear | Militia |
| 23:43 | Construir | House |
| 23:48 | Construir | House |
| 24:10 | Construir | Farm |
| 24:42 | Crear | Villager (Male) ×5 |
| 25:10 | Investigar | Gold Mining |
| 25:22 | Construir | House |
| 26:34 | Investigar | Crossbowman (upgrade) |
| 26:38 | Construir | Farm |
| 26:39 | Construir | Farm |
| 26:39 | Construir | Farm |
| 26:42 | Crear | Villager (Male) |
| 26:42 | Crear | Villager (Male) |
| 26:42 | Crear | Villager (Male) |
| 26:46 | Investigar | Gold Shaft Mining |
| 26:50 | Investigar | Stone Mining |
| 27:06 | Investigar | Thumb Ring |
| 27:12 | Investigar | Long Swordsman (upgrade) |
| 27:38 | Investigar | Bow Saw |
| 27:49 | Crear | Villager (Male) |
| 28:21 | Investigar | Bodkin Arrow |
| 28:23 | Crear | Villager (Male) |
| 28:33 | Construir | Farm |
| 28:34 | Construir | Farm |
| 28:38 | Crear | Villager (Male) |
| 28:40 | Construir | Farm |
| 29:21 | Construir | Siege Workshop |
| 29:31 | Construir | Farm |
| 29:35 | Crear | Villager (Male) |
| 29:35 | Crear | Villager (Male) |
| 29:35 | Crear | Villager (Male) |
| 29:36 | Crear | Villager (Male) |
| 29:44 | Crear | Militia ×4 |
| 29:52 | Crear | Archer ×5 |
| 30:08 | Construir | Farm |
| 30:29 | Crear | Villager (Male) |
| 30:29 | Crear | Villager (Male) |
| 30:48 | Crear | Battering Ram |
Build order — scalpel0011
Primeras 150 de 301 acciones detectadas
| 0:08 | Crear | Villager (Male) |
| 0:08 | Crear | Villager (Male) |
| 0:08 | Crear | Villager (Male) |
| 0:15 | Construir | Settlement |
| 0:41 | Crear | Villager (Male) |
| 0:41 | Crear | Villager (Male) |
| 1:53 | Crear | Villager (Male) |
| 1:53 | Crear | Villager (Male) |
| 1:53 | Crear | Villager (Male) |
| 2:33 | Crear | Villager (Male) |
| 2:33 | Crear | Villager (Male) |
| 3:03 | Crear | Villager (Male) |
| 3:03 | Crear | Villager (Male) |
| 3:29 | Construir | Settlement |
| 3:33 | Crear | Villager (Male) |
| 3:33 | Crear | Villager (Male) |
| 3:45 | Crear | Villager (Male) |
| 3:46 | Crear | Villager (Male) |
| 4:17 | Crear | Villager (Male) |
| 4:17 | Crear | Villager (Male) |
| 4:45 | Crear | Villager (Male) |
| 4:46 | Crear | Villager (Male) |
| 4:47 | Crear | Villager (Male) |
| 4:47 | Crear | Villager (Male) |
| 5:03 | Crear | Villager (Male) |
| 5:03 | Crear | Villager (Male) |
| 6:09 | Crear | Villager (Male) |
| 6:09 | Crear | Villager (Male) |
| 6:24 | Crear | Villager (Male) |
| 6:24 | Crear | Villager (Male) |
| 6:48 | Crear | Villager (Male) |
| 7:09 | Construir | Settlement |
| 7:11 | Crear | Villager (Male) |
| 7:11 | Crear | Villager (Male) |
| 7:33 | Crear | Villager (Male) |
| 7:34 | Crear | Villager (Male) |
| 8:03 | Crear | Villager (Male) |
| 8:03 | Crear | Villager (Male) |
| 8:03 | Crear | Villager (Male) |
| 8:17 | Crear | Villager (Male) |
| 8:17 | Crear | Villager (Male) |
| 8:46 | Construir | Barracks |
| 9:32 | Investigar | Feudal Age |
| 10:08 | Construir | Barracks |
| 10:26 | Investigar | Loom |
| 11:05 | Construir | Palisade Wall |
| 11:11 | Construir | Palisade Gate |
| 12:04 | Edad | Edad Feudal |
| 12:15 | Construir | Blacksmith |
| 12:22 | Construir | Market |
| 12:54 | Construir | House |
| 13:21 | Investigar | Castle Age |
| 13:21 | Investigar | Castle Age |
| 13:41 | Investigar | Horse Collar |
| 13:55 | Construir | Farm |
| 14:20 | Construir | Farm |
| 14:23 | Construir | Farm |
| 14:26 | Construir | Farm |
| 14:30 | Construir | Farm |
| 14:35 | Construir | Farm |
| 14:37 | Construir | Farm |
| 14:49 | Investigar | Scale Mail Armor |
| 14:57 | Construir | Farm |
| 15:34 | Crear | Unit 2550 |
| 15:35 | Crear | Unit 2550 |
| 15:55 | Construir | Farm |
| 15:59 | Construir | Farm |
| 16:01 | Edad | Edad de los Castillos |
| 16:02 | Construir | Farm |
| 16:06 | Crear | Unit 2550 |
| 16:06 | Crear | Unit 2550 |
| 16:50 | Construir | Town Center |
| 16:57 | Investigar | Tech 1402 |
| 17:13 | Crear | Unit 2550 |
| 17:13 | Crear | Unit 2550 |
| 17:14 | Crear | Unit 2550 |
| 17:20 | Construir | Farm |
| 17:32 | Investigar | Squires |
| 17:54 | Crear | Villager (Male) |
| 17:54 | Crear | Villager (Male) |
| 18:13 | Construir | Farm |
| 18:23 | Crear | Unit 2550 |
| 18:23 | Crear | Unit 2550 |
| 18:32 | Investigar | Arson |
| 18:43 | Construir | Farm |
| 18:47 | Construir | Farm |
| 19:00 | Investigar | Forging |
| 19:33 | Crear | Villager (Male) |
| 19:33 | Crear | Villager (Male) |
| 20:27 | Investigar | Chain Mail Armor |
| 20:42 | Crear | Unit 2550 |
| 20:43 | Crear | Unit 2550 |
| 20:43 | Crear | Unit 2550 |
| 23:37 | Investigar | Stone Mining |
| 24:25 | Investigar | Wheelbarrow |
| 24:27 | Investigar | Town Watch |
| 24:28 | Crear | Villager (Male) |
| 24:29 | Crear | Villager (Male) |
| 24:37 | Investigar | Double-Bit Axe |
| 24:52 | Crear | Villager (Male) |
| 24:52 | Crear | Villager (Male) |
| 25:13 | Investigar | Tech 1351 |
| 26:24 | Construir | Castle |
| 26:32 | Crear | Villager (Male) ×5 |
| 27:03 | Construir | Town Center |
| 27:44 | Crear | Villager (Male) |
| 27:44 | Crear | Villager (Male) |
| 27:49 | Crear | Villager (Male) |
| 27:50 | Crear | Villager (Male) |
| 28:01 | Construir | Farm |
| 28:04 | Construir | Farm |
| 28:23 | Crear | Villager (Male) |
| 28:24 | Crear | Villager (Male) |
| 28:24 | Crear | Villager (Male) |
| 28:29 | Investigar | Gold Mining |
| 28:40 | Crear | Villager (Male) |
| 28:41 | Crear | Villager (Male) |
| 28:41 | Crear | Villager (Male) |
| 28:41 | Crear | Villager (Male) |
| 29:08 | Crear | Villager (Male) |
| 29:08 | Crear | Villager (Male) |
| 29:08 | Crear | Villager (Male) |
| 29:16 | Construir | Monastery |
| 29:33 | Crear | Villager (Male) |
| 29:33 | Crear | Villager (Male) |
| 30:37 | Investigar | Fletching |
| 30:44 | Investigar | Heavy Plow |
| 30:53 | Crear | Villager (Male) ×2 |
| 31:05 | Construir | Siege Workshop |
| 31:12 | Crear | Monk |
| 31:22 | Crear | Villager (Male) |
| 31:23 | Crear | Villager (Male) |
| 31:23 | Crear | Villager (Male) |
| 31:23 | Crear | Villager (Male) |
| 31:36 | Crear | Scorpion |
| 31:36 | Crear | Scorpion |
| 31:36 | Crear | Scorpion |
| 31:45 | Construir | Farm |
| 31:45 | Construir | Farm |
| 31:45 | Construir | Farm |
| 31:45 | Construir | Farm |
| 31:46 | Construir | Farm |
| 31:46 | Construir | Farm |
| 31:46 | Construir | Farm |
| 31:46 | Construir | Farm |
| 31:57 | Construir | Farm |
| 32:05 | Crear | Villager (Male) |
| 32:05 | Crear | Villager (Male) |
| 32:05 | Crear | Villager (Male) |
| 32:05 | Crear | Villager (Male) |
Cronología de la partida
| 8:41 | Disagri · first_building Barracks |
| 8:46 | scalpel0011 · first_building Barracks |
| 10:20 | Disagri · age_up feudal |
| 10:22 | Disagri · first_building Archery Range |
| 11:05 | scalpel0011 · wall_segment Palisade Wall x4 |
| 12:04 | scalpel0011 · age_up feudal |
| 16:01 | scalpel0011 · age_up castle |
| 17:10 | scalpel0011 · first_market_sell 100 stone |
| 20:56 | Disagri · wall_segment Palisade Wall x1 |
| 21:01 | Disagri · wall_segment Palisade Wall x1 |
| 22:27 | Disagri · age_up castle |
| 23:06 | Disagri · wall_segment Palisade Wall x1 |
| 26:24 | scalpel0011 · first_building Castle |
| 29:16 | scalpel0011 · first_building Monastery |
| 29:21 | Disagri · first_building Siege Workshop |
| 31:05 | scalpel0011 · first_building Siege Workshop |
| 40:05 | scalpel0011 · first_market_buy 100 food |
| 40:40 | Disagri · first_building Castle |
| 42:07 | scalpel0011 · first_building Archery Range |
| 43:30 | scalpel0011 · age_up imperial |
| 43:32 | Disagri · age_up imperial |
| 55:27 | Disagri · resign |
[ ANÁLISIS IA · 1 CRÉDITO ]
¿Qué pasó realmente en esta partida?
Wolo.gg analiza cada decisión: build order, eco, micro, errores típicos por bracket. Análisis personalizado por WhatsApp o Discord en 30 segundos.
Guía civ
Coreanos
Perfil
Disagri